Map: 오토메이턴 - 래더

Players

herO

  • Race: Protoss Protoss
  • Spawn Location: 3:00

Zest - Winner!

  • Race: Protoss Protoss
  • Spawn Location: 9:00

Event: IEM Season 13: Katowice (2019)

VOD

Have the link to the VOD?

Description

Time

  • Played on: Feb. 28, 2019, 5:17 a.m.
  • Length: 10:30

All games in this series

Show
View Real Time Build Order
Export as new Build Order

herO Protoss 

Build Orders: Oracle Opening, Archon Immortal 

Get SALT Encoding   

  12  0:00  Probe  
  13  0:12  Probe  
  14  0:18  Pylon  
  14  0:24  Probe  
  15  0:32  Probe  
  15  0:38  Gateway  
  15  0:40  Probe  
  16  0:47  Assimilator  
  17  0:51  Probe  
  18  0:57  Assimilator  
  18  1:01  Probe  
  19  1:09  Gateway, Probe  
  19  1:17  Probe  
  21  1:26  Cybernetics Core  
  21  1:29  Probe  
  22  1:39  Pylon  
  22  1:41  Probe  
  23  1:57  Probe  
  24  2:02  Warp Gate, Adept x2  
  28  2:15  Pylon  
  28  2:28  Stargate  
  28  2:32  Adept  
  28  2:33  Adept  
  31  3:01  Oracle  
  34  3:13  Nexus  
  34  3:18  Probe  
  35  3:21  Robotics Facility  
  35  3:30  Probe  
  35  3:32  Oracle  
  36  3:35  Pylon  
  39  3:53  Probe  
  40  4:04  Immortal  
  40  4:05  Probe  
  45  4:17  Probe  
  46  4:25  Probe x2  
  48  4:33  Probe  
  48  4:37  Probe  
  48  4:40  Immortal  
  48  4:45  Probe  
  52  4:49  Probe  
  52  4:51  Pylon  
  54  4:53  Gateway  
  54  4:59  Twilight Council  
  54  5:08  Probe x2  
  54  5:09  Warp Prism  
  54  5:11  Sentry  
  54  5:13  Gateway  
  60  5:36  Gateway  
  60  5:37  Gateway  
  60  5:41  Probe x2  
  60  5:42  Forge  
  62  5:44  Assimilator  
  62  5:45  Charge  
  62  5:49  Observer  
  63  5:53  Probe x2  
  63  5:55  Pylon  
  63  5:56  Assimilator  
  65  6:02  Probe  
  65  6:05  Protoss Ground Weapons Level 1, Probe  
  65  6:10  Probe  
  65  6:11  Sentry  
  69  6:13  Pylon  
  69  6:15  Pylon  
  69  6:17  Probe  
  71  6:20  Probe  
  72  6:30  Probe  
  72  6:32  Probe  
  71  6:36  Warp Prism  
  61  6:48  Dark Shrine  
  61  6:49  Oracle  
  63  6:57  Gateway, Sentry, Zealot x2  
  63  6:58  Gateway  
  69  7:01  Zealot  
  71  7:09  Stalker x2  
  75  7:20  Immortal  
  79  7:34  Nexus  
  79  7:37  Zealot x2  
  83  8:02  Dark Templar x4  
  91  8:11  Pylon  
  91  8:21  Nexus  
  91  8:30  Immortal  
  91  8:38  Probe x2  
  89  8:49  Probe  
  90  8:57  Probe  
  90  8:58  Dark Templar x2  
  90  8:59  Zealot x3  
  101  9:07  Probe, Assimilator  
  102  9:10  Assimilator  
  102  9:11  Immortal  
  106  9:18  Archon  
  106  9:19  Dark Templar, Probe  
  109  9:25  Dark Templar  
  109  9:28  Dark Templar x2  
  109  9:30  Shield Battery  
  109  9:31  Shield Battery, Archon  
  115  9:32  Archon  
  115  9:35  Pylon  
  115  9:36  Observer  
  115  9:38  Dark Templar  
  115  9:39  Probe  
  115  9:45  Archon x2  
  117  9:49  Probe  
  117  9:53  Pylon  
  117  9:58  Probe  
  117  9:59  Dark Templar  
  120  10:01  Dark Templar, Zealot  
  125  10:10  Probe  
  114  10:17  Zealot x5  
Show
View Real Time Build Order
Export as new Build Order

Zest Protoss - Winner!

Build Orders: Phoenix Opening, Blink Stalkers, Zealot Archon 

Get SALT Encoding   

  12  0:00  Probe  
  13  0:12  Probe  
  14  0:17  Pylon  
  14  0:24  Probe  
  15  0:32  Probe  
  15  0:38  Gateway  
  15  0:40  Probe  
  16  0:46  Assimilator  
  17  0:51  Probe  
  17  0:55  Assimilator  
  18  0:59  Probe  
  19  1:08  Probe  
  19  1:09  Gateway  
  19  1:17  Probe  
  20  1:25  Cybernetics Core  
  21  1:30  Probe  
  22  1:38  Pylon  
  22  1:42  Probe  
  23  1:56  Probe  
  24  2:01  Stalker  
  24  2:02  Warp Gate, Sentry  
  28  2:14  Pylon  
  28  2:30  Pylon  
  28  2:34  Twilight Council  
  28  2:35  Phoenix  
  28  2:38  Stalker  
  28  2:41  Stalker  
  31  2:48  Blink  
  31  3:09  Nexus  
  31  3:39  Probe  
  32  3:41  Shield Battery  
  32  3:50  Stalker x2  
  32  3:51  Probe  
  37  3:58  Pylon  
  37  4:09  Probe  
  38  4:11  Shield Battery  
  38  4:18  Stalker x2  
  38  4:21  Probe  
  43  4:25  Probe  
  44  4:34  Probe  
  44  4:37  Probe  
  46  4:41  Stalker  
  46  4:43  Stalker  
  50  4:46  Probe  
  50  4:49  Probe  
  52  4:55  Probe  
  53  5:00  Forge  
  53  5:01  Probe  
  53  5:03  Probe  
  54  5:11  Sentry, Stalker  
  54  5:13  Probe x2  
  60  5:18  Pylon  
  61  5:25  Probe  
  62  5:30  Charge  
  62  5:36  Probe  
  62  5:38  Gateway  
  62  5:39  Gateway  
  63  5:45  Gateway, Assimilator  
  63  5:47  Templar Archives  
  63  5:58  Probe x2  
  63  6:02  Gateway  
  63  6:03  Gateway  
  65  6:09  Pylon  
  65  6:13  Pylon  
  65  6:17  Gateway  
  65  6:19  Probe x2  
  67  6:27  Assimilator  
  67  6:28  Robotics Facility  
  67  6:32  Zealot x2  
  63  6:45  Probe x2  
  65  6:50  Forge  
  65  7:00  Protoss Ground Weapons Level 1, Probe x2  
  67  7:08  High Templar x4  
  73  7:09  Zealot x3  
  73  7:12  Archon  
  73  7:13  Archon  
  81  7:17  Observer  
  81  7:20  Nexus  
  81  7:21  Pylon  
  82  7:30  Warp Prism  
  82  7:31  Pylon  
  82  7:38  Pylon  
  84  7:46  High Templar  
  84  7:47  Zealot x2, High Templar  
  84  7:48  Zealot  
  84  7:50  Archon  
  94  7:52  Zealot  
  95  8:05  Shield Battery  
  95  8:06  Shield Battery  
  95  8:11  Zealot x4  
  103  8:16  High Templar  
  103  8:17  High Templar  
  107  8:20  Archon  
  107  8:26  Zealot  
  109  8:28  Observer  
  109  8:30  Pylon  
  104  8:45  Pylon  
  102  8:59  Zealot, High Templar x2  
  102  9:00  Zealot x2  
  102  9:02  Pylon  
  112  9:03  Photon Cannon  
  112  9:04  Observer  
  110  9:16  Zealot x3  
  117  9:21  Shield Battery  
  116  9:31  Stalker  
  116  9:32  Stalker  
  120  9:41  High Templar  
  122  9:46  Archon  
  122  9:58  Zealot x7  
  132  10:20  Zealot x4  
  132  10:21  Zealot x2  

Tags
 
Add a new tag
Caveats
  • Supply blocks, unpowered buildings, or Contaminate may cause inaccurate times.
  • Supply counts are checked every 10 seconds.